 Dungeon Crawl Stone Soup version 0.28-a0-1412-gf95308ed99 (webtiles) character file.

Game seed: 497979378705586824

645 tilp the Chiller (level 7, 30/30 HPs)
             Began as a Felid Ice Elementalist on Jan 6, 2022.
             Quit the game on level 5 of the Dungeon.
             The game lasted 00:12:00 (8558 turns).

tilp the Chiller (Felid Ice Elementalist)           Turns: 8558, Time: 00:12:01

Health: 30/30      AC:  2    Str:  4    XL:     7   Next: 27%
Magic:  14/14      EV: 18    Int: 19    God:
Gold:   175        SH:  0    Dex: 16    Spells: 3/14 levels left
                                        Lives:  1   Deaths: 1

rFire   . . .      SeeInvis +     - Unarmed
rCold   . . .      Faith    .   (shield unavailable)
rNeg    . . .      Spirit   .   (armour unavailable)
rPois   .          Reflect  .   (helmet unavailable)
rElec   .          Harm     .   (cloak unavailable)
rCorr   .          Rampage  .   (gloves unavailable)
Will    +....                   (boots unavailable)
Stlth   +++.......              (no amulet)
HPRegen 0.10/turn               (no ring)
MPRegen 0.14/turn               (no ring)

@: quick
A: very small, claws 1, fangs 3, see invisible, speed 1, shaggy fur 2, stealthy
paws, no weapons or thrown items, no armour, multi-lived
a: no special abilities


You were on level 5 of the Dungeon.
You visited 1 branch of the dungeon, and saw 5 of its levels.
You also visited: Sewer.

You collected 175 gold pieces.

Inventory:

Jewellery
 f - a ring of fire
Wands
 i - a wand of flame (12)
Scrolls
 e - a scroll of amnesia
 g - a scroll of blinking
Potions
 b - 3 potions of heal wounds {unknown}
 c - a potion of might {unknown}
 d - 2 potions of attraction
 h - a potion of flight {unknown}
 j - a potion of mutation {unknown}
Miscellaneous
 a - a box of beasts (inert)


   Skills:
 - Level 2.0 Fighting
 - Level 4.0 Dodging
 - Level 6.0 Stealth
 - Level 4.0 Unarmed Combat
 + Level 4.3 Spellcasting
 + Level 6.8 Ice Magic


You had 3 spell levels left.
You knew the following spells:

 Your Spells              Type           Power      Damage    Failure   Level
a - Freeze                Ice            100%       1d11      1%          1
b - Frozen Ramparts       Ice            58%        1d7       2%          3
c - Ozocubu's Armour      Ice            29%        N/A       2%          3
d - Hailstorm             Conj/Ice       17%        3d6       32%         4

Your spell library contained the following spells:

 Spells                   Type           Power      Damage    Failure   Level
 Apportation              Tloc           8%         N/A       14%         1
 Magic Dart               Conj           16%        1d3       14%         1
 Call Imp                 Summ           4%         N/A       21%         2
 Conjure Flame            Conj/Fire      4%         6-21      38%         3
 Ignite Poison            Fire/Tmut/Pois 4%         N/A       38%         3
 Mephitic Cloud           Conj/Pois/Air  4%         N/A       38%         3
 Sticky Flame             Conj/Fire      4%         2d3       80%         4
 Alistair's Intoxication  Tmut/Pois      2%         N/A       98%         5


Dungeon Overview and Level Annotations

Branches:
Dungeon (5/15)              Sewer (visited)
 Temple: D:4-7

Altars:

Shops:
D:4 :

Annotations:
D:5 Pikel, Sigmund


Innate Abilities, Weirdness & Mutations

You have sharp claws.
You have razor-sharp teeth.
You have supernaturally acute eyesight. (SInv)
You cover ground quickly. (Speed+)
You are covered in thick fur. (AC +2)
Your paws help you pounce on unaware monsters.
You are incapable of wielding weapons or throwing items.
You cannot wear armour.
You gain extra lives every three experience levels.


Message History

Casting: Ozocubu's Armour (dangerous; 2% risk of failure)
Confirm with . or Enter, or press ? or * to list all spells.
Casting: Frozen Ramparts (dangerous; 2% risk of failure)
Press: ? - help, Dir - look around, f - activate The walls around you are covered in ice.
The wall freezes the ogre!
Unknown command.
Casting: Frozen Ramparts (dangerous; 2% risk of failure)
Confirm with . or Enter, or press ? or * to list all spells.
A film of ice covers your body!
Your larval fireox beast barely misses the ogre.
Your larval fireox beast tramples the ogre.
The ogre holds its ground!
The wall freezes the ogre.
Unknown command.
Unknown command.
You scratch the ogre.
The ogre is severely wounded.
Your larval fireox beast breathes flames at the ogre.
The blast of flame hits the ogre!
The ogre dies!
Unknown command.
Aiming: Throw Flame
Press: ? - help, Shift-Dir - straight line, f - Pikel
Aim: Pikel, wielding a +1 whip of electrocution, wearing a +0 robe and carrying a wand of acid (4) (60% to hit)
The puff of flame misses Pikel.
The wall freezes Pikel.
Unknown command.
Unknown command.
Aiming: Throw Flame
Press: ? - help, Shift-Dir - straight line, f/p - Pikel
Aim: Pikel, wielding a +1 whip of electrocution, wearing a +0 robe and carrying a wand of acid (4) (lightly wounded, 60% to hit)
The puff of flame hits Pikel.
Pikel is lightly wounded.
The wall freezes Pikel.
Pikel zaps a wand.
The bolt of acid hits you!
You die...
The acid corrodes you!
Your larval fireox beast breathes flames at Pikel.
The blast of flame hits Pikel!
You are now level 7!
You rejoin the land of the living...
Are you sure you want to abandon this character and quit the game? (Confirm with "yes".)

#....$.....##....##
##................#
####..####'###....[#
...##.......##.....#
#.####............)#
...................#
....##...........[## #
....#####+####....##....
....##......##..@.......
........................
........................
..(................[....
........................
............(.).........
........................
########################


There were no monsters in sight!

Vanquished Creatures
  A yak (D:5)
  A steam dragon (D:5)
  A water moccasin (D:4)
  2 necrophages
  4 lemures (D:5)
  2 bullfrogs (Sewer)
  A scorpion (D:4)
  A bullfrog zombie (D:5)
  An orc priest (D:4)
  2 bullfrog skeletons
  An iguana (D:4)
  A hound zombie (D:5)
  A hound skeleton (D:4)
  A howler monkey zombie (D:5)
  3 gnolls (D:2)
  8 adders
  A howler monkey skeleton (D:4)
  2 worms
  2 dart slugs (D:3)
  17 orcs
  9 ball pythons
  3 endoplasms
  20 giant cockroaches
  5 goblins
  6 hobgoblins
  9 jackals
  9 quokkas
  4 bats
  11 frilled lizards
  8 kobolds
  2 rats
139 creatures vanquished.

Vanquished Creatures (collateral kills)
  An ogre (D:5)
1 creature vanquished.

Grand Total: 140 creatures vanquished

Notes
Turn   | Place    | Note
-------+----------+-------------------------------------------
     0 | D:1      | tilp the Felid Ice Elementalist began the quest for the
                  | Orb.
     0 | D:1      | Reached XP level 1. HP: 7/7 MP: 4/4
   491 | D:1      | Reached XP level 2. HP: 11/11 MP: 4/6
  1861 | D:2      | Found a faded altar of an unknown god.
  2594 | D:2      | Reached XP level 3. HP: 10/14 MP: 3/7
  2598 | D:2      | Learned a level 3 spell: Frozen Ramparts
  3430 | D:2      | Found a faded altar of an unknown god.
  4195 | D:2      | Found a faded altar of an unknown god.
  4761 | D:3      | Reached XP level 4. HP: 16/18 MP: 3/9
  5284 | D:3      | Reached skill level 5 in Ice Magic
  5588 | D:3      | Reached XP level 5. HP: 19/21 MP: 7/10
  5822 | D:4      | Noticed a necrophage
  5842 | D:4      | Found Zasic's Book Shoppe.
  6004 | D:4      | Learned a level 3 spell: Ozocubu's Armour
  6094 | D:4      | Noticed a water moccasin
  6101 | D:4      | Killed a water moccasin
  6102 | D:4      | Reached skill level 1 in Fighting
  6102 | D:4      | Reached skill level 1 in Unarmed Combat
  6102 | D:4      | Gained mutation: You are covered in thick fur. (AC +2)
                  | [Felid growth]
  6102 | D:4      | Reached XP level 6. HP: 25/25 MP: 1/11
  6214 | D:4      | Identified the +0 kite shield of the Pink Corner {rElec}
  6666 | D:4      | Reached XP level 7. HP: 29/29 MP: 6/12
  6970 | D:5      | Entered Level 5 of the Dungeon
  6999 | D:5      | Noticed Pikel
  7138 | D:5      | Reached skill level 5 in Stealth
  7175 | D:5      | Noticed Sigmund
  7215 | D:5      | Noticed a yak
  7258 | D:5      | Noticed a steam dragon
  7261 | D:5      | Killed a steam dragon
  7299 | D:5      | Found a glowing drain.
  7399 | Sewer    | Entered a sewer
  7895 | Sewer    | Learned a level 4 spell: Hailstorm
  8352 | D:5      | Reached XP level 8. HP: 30/33 MP: 9/14
  8557 | D:5      | Killed from afar by Pikel
  8558 | D:5      | Reached XP level 7. HP: -5/30 MP: 6/14
  8558 | D:5      | Quit the game

Illustrated notes

Levels and vault maps discovered:
D:1:      elethiomel_arrival_shortcut, layout_loops_ring
D:2:      layout_basic, ebering_ecumenical_altar_webs
D:3:      layout_rooms, minmay_fountain_box
D:4:      layout_loops_cross, serial_shops, nicolae_shop_hallway_stairs
D:5:      layout_gridville, gup_sewer_entry_pipe, minmay_manual_mandibuliform,
          uniq_pikel, uniq_sigmund

Skill      XL: |  1  2  3  4  5  6  7  8 |
---------------+-------------------------+-----
Ice Magic      | 4 5 6 |  6.8
Spellcasting   | 3 4 |  4.3
Fighting       | 1 2 |  2.0
Dodging        | 3 4 |  4.0
Stealth        | 3 4 6 |  6.0
Unarmed Combat | 1 2 4 |  4.0

Action                   |  1- 3 |  4- 6 |  7- 9 || total
-------------------------+-------+-------+-------++-------
Melee: Unarmed           |    17 |    76 |    97 ||   190
       Bite              |       |     7 |    15 ||    22
       Punch             |       |     1 |     4 ||     5
 Cast: Freeze            |    39 |    33 |    43 ||   115
       Frozen Ramparts   |     3 |    15 |    17 ||    35
       Ozocubu's Armour  |       |     4 |     9 ||    13
Evoke: Wand              |       |     1 |     3 ||     4
       Box of beasts     |       |       |     1 ||     1
  Use: Scroll            |     4 |     2 |     2 ||     8
       Potion            |       |       |     1 ||     1
 Stab: Sleeping          |     4 |     5 |     4 ||    13
Armor: Skin              |     5 |    10 |    29 ||    44
Dodge: Dodged            |    34 |    84 |   157 ||   275

Table legend: (Time is in decaauts)
 A = Elapsed time spent in this place.
 B = Non-inter-level travel time spent in this place.
 C = Inter-level travel time spent in this place.
 D = Time resting spent in this place.
 E = Time spent auto-exploring this place.
 F = Levels seen in this place.
 G = Mean time per level.
                   A        B        C        D        E       F      G
               +--------+--------+--------+--------+--------+-----+--------+
         Total |   7734 |   7558 |    176 |   1806 |   4436 |   6 | 1289.0 |
       Dungeon |   6882 |   6706 |    176 |   1440 |   4159 |   5 | 1376.4 |
         Sewer |    851 |    851 |      0 |    366 |    276 |   1 |  851.0 |
               +--------+--------+--------+--------+--------+-----+--------+

Top non-repeatable levels by time:
     D:2: 2400 daAuts
     D:1: 1708 daAuts
     D:3: 1055 daAuts
     D:4: 1052 daAuts
   Sewer: 851 daAuts
     D:5: 666 daAuts
